 Dungeon Sprint DCSS version 0.22.1-1-ga44c0e56f4 (webtiles) character file.

14961 MuseOD the Imperceptible (level 11, -5/56 HPs)
             Began as a Spriggan Enchanter on Sept 23, 2018.
             Was the Champion of Dithmenos.
             Slain by a spriggan druid
             ... wielding a +0 quarterstaff
              (20 damage)
             ... in the Dungeon (Sprint III: "The Ten Rune Challenge").
             The game lasted 00:09:21 (2369 turns).

MuseOD the Imperceptible (Spriggan Enchanter)       Turns: 2369, Time: 00:09:22

Health: -5/56      AC:  4    Str:  4    XL:     11   Next: 95%
Magic:  9/33       EV: 18    Int: 20    God:    Dithmenos [******]
Gold:   3413       SH:  0    Dex: 17    Spells: 29/44 levels left

rFire    . . .     SeeInvis +   a - +1 dagger
rCold    . . .     Gourm    .   (shield restricted)
rNeg     . . .     Faith    .   b - +0 robe
rPois    +         Spirit   .   (helmet restricted)
rElec    .         Reflect  .   p - +1 cloak {rPois}
rCorr    .         Harm     .   (gloves unavailable)
MR       +....     NoTele   +   (boots unavailable)
Stlth    ++++++++++             (no amulet)
HPRegen  0.18/turn              (no ring)
MPRegen  0.23/turn              (no ring)

@: very slightly contaminated, wreathed by umbra, very quick
A: very small, unfitting armour, see invisible, herbivore, speed 3, slow
metabolism 2
a: Shadow Step, Shadow Form, Renounce Religion


You were in the Dungeon.
You worshipped Dithmenos.
Dithmenos was exalted by your worship.
You were not hungry.

You visited 1 branch You collected 3413 gold pieces.

Inventory:

Hand Weapons
 a - a +1 dagger (weapon)
Armour
 b - a +0 robe (worn)
 p - a +1 cloak of poison resistance (worn)
Wands
 r - a wand of random effects (27)
Scrolls
 c - a scroll of enchant weapon {unknown}
 m - 2 scrolls of immolation {unknown}
 n - 2 scrolls of identify {unknown}
 o - 2 scrolls of remove curse {unknown}
Potions
 g - a potion of haste
 h - a potion of magic
 i - 2 potions of berserk rage
 k - 3 potions of flight
 l - 3 potions of mutation {unknown}
 q - a potion of might
Comestibles
 d - 16 rations


   Skills:
 - Level 5.8 Fighting
 + Level 12.8 Short Blades
 - Level 3.0 Dodging
 + Level 24.1 Stealth
 - Level 17.1 Spellcasting
 - Level 17.1 Hexes


You had 29 spell levels left.
You knew the following spells:

 Your Spells              Type           Power        Failure   Level  Hunger
a - Corona                Hex            ######.      0%          1    None
b - Ensorcelled Hibernat  Hex/Ice        ######       1%          2    None
c - Confuse               Hex            ######..     0%          3    None
d - Dazzling Spray        Conj/Hex       ######       1%          3    None
e - Tukima's Dance        Hex            ######..     0%          3    None
f - Mephitic Cloud        Conj/Pois/Air  ###.....     10%         3    None

Your spell library contained the following spells:

 Spells                   Type           Power        Failure   Level  Hunger
 Slow                     Hex            ######..     0%          2    None
 Magic Dart               Conj           ###.         3%          1    None
 Blink                    Tloc           N/A          4%          2    None
 Call Imp                 Summ           ###.....     4%          2    None
 Conjure Flame            Conj/Fire      ###.....     10%         3    None


Dungeon Overview and Level Annotations

Branches:
Dungeon (1/1)

Altars:
Dithmenos
Elyvilon
Fedhas
Kikubaaqudgha
Okawaru
Ru
Sif Muna
Trog
Uskayaw
Vehumet
Wu Jian
Yredelemnul
Zin
The Shining One
Beogh

Shops:
D %


Innate Abilities, Weirdness & Mutations

You are very small and have problems with some larger weapons.
You are too small for most types of armour.
You have supernaturally acute eyesight. (SInv)
You are a herbivore.
You cover ground extremely quickly.
You need to consume almost no food.


Message History

The spriggan is engulfed in noxious fumes.
The spriggan appears confused.
The spriggan hits the spriggan.
Casting: Confuse (safe; 0% risk of failure)
Confirm with . or Enter, or press ? or * to list all spells.
Aiming: Confuse (safe; 0% risk of failure)
Press: ? - help, Shift-Dir - straight line, f/p - spriggan druid
Aim: a spriggan druid, wielding a quarterstaff and wearing a robe (lightly The spriggan druid resists with almost no effort.
The spriggan druid barely misses you.
The spriggan is engulfed in noxious fumes.
Casting: Confuse (safe; 0% risk of failure)
Confirm with . or Enter, or press ? or * to list all spells.
Aiming: Confuse (safe; 0% risk of failure)
Press: ? - help, Shift-Dir - straight line, f/p - spriggan druid
Aim: a spriggan druid, wielding a quarterstaff and wearing a robe (umbra, The spriggan druid resists with almost no effort.
The spriggan is engulfed in noxious fumes.
The spriggan appears confused.
The spriggan hits the spriggan.
The spriggan druid hits you with a quarterstaff!!
You die...

+♣♣'♣≈≈≈≈≈≈≈≈≈≈≈≈♣♣P†'.#.#.#.#
#.≈♣♣♣♣♣♣♣♣♣♣♣♣♣♣♣♣PP##.#.#.##
#..♣♣ ♣♣♣##'######
###'♣♣♣♣♣♣♣♣♣♣♣♣♣♣♣ #..)'.≈≈≈
♣♣♣♣†##..##≈≈≈≈≈≈..# #...#.≈≈≈
♣..†##.##.#≈≈≈≈≈...# #..)#.#≈≈
♣♣.##.##†##'≈≈≈≈≈####+#####.#
≈ ♣..#.##...#≈≈......)§# ..#
♣♣.##.##.)#≈.@i#######


PPP# ♣♣.##.#####...#ii.§§§# .oPP# ♣.....##k.....#♣♣♣§_§#...oP# ########+######
#####+##### You could see a death drake (sleeping), a spriggan druid and 2
spriggans.

Vanquished Creatures
  Dowan (D)
  Snorg (D)
  2 hydras (D)
  A centaur warrior (D)
  An orc high priest (D)
  Urug (D)
  2 unseen horrors (D)
  A lindwurm (D)
  An orc knight (D)
  6 deep elf magi (D)
  Duvessa (D)
  2 spiny frogs (D)
  A komodo dragon (D)
  3 wandering mushrooms (D)
  A queen bee (D)
  2 tyrant leeches (D)
  A shadow (D)
  3 redbacks (D)
  2 orc warriors (D)
  A necrophage (D)
  2 centaurs (D)
  An earth elemental (D)
  A water elemental (D)
  28 killer bees (D)
  4 orc wizards (D)
  Crazy Yiuf (D)
  A jelly (D)
  A wizard (D)
  Jessica (D)
  A necromancer (D)
  3 humans (D)
  A kobold demonologist (D)
  2 oozes (D)
  10 orcs (D)
91 creatures vanquished.

Vanquished Creatures (others)
  2 draconian scorchers (D)
  A hydra (D)
  6 hellions (D)
  A yaktaur (D)
  An orc high priest (D)
  3 killer bees (D)
  An electric eel (D)
  2 orc priests (D)
  9 plants (D)
26 creatures vanquished.

Grand Total: 117 creatures vanquished

Notes
Turn   | Place    | Note
-------+----------+-------------------------------------------
     0 | D        | MuseOD the Spriggan Enchanter began the quest for the Orb.
     0 | D        | Reached XP level 1. HP: 9/9 MP: 5/5
     4 | D        | Reached skill level 1 in Fighting
     4 | D        | Reached skill level 5 in Stealth
     7 | D        | Reached XP level 2. HP: 14/14 MP: 6/6
    14 | D        | Learned a level 2 spell: Ensorcelled Hibernation
    15 | D        | Noticed Jessica
    18 | D        | Killed Jessica
    18 | D        | Reached skill level 6 in Stealth
    18 | D        | Reached XP level 3. HP: 19/19 MP: 8/8
    45 | D        | Killed a yaktaur
    77 | D        | Reached skill level 5 in Short Blades
    77 | D        | Reached skill level 7 in Stealth
    85 | D        | Noticed Crazy Yiuf
    92 | D        | Killed Crazy Yiuf
    92 | D        | Reached XP level 4. HP: 24/24 MP: 6/9
   118 | D        | Killed a hellion
   120 | D        | Learned a level 3 spell: Confuse
   131 | D        | Noticed a water elemental
   134 | D        | Killed a water elemental
   134 | D        | Reached skill level 8 in Stealth
   134 | D        | Reached XP level 5. HP: 29/29 MP: 10/10
   139 | D        | Learned a level 3 spell: Dazzling Spray
   142 | D        | Found a hide-covered altar of Uskayaw.
   142 | D        | Found a roughly hewn altar of Beogh.
   142 | D        | Found an iron altar of Okawaru.
   142 | D        | Found a bloodstained altar of Trog.
   142 | D        | Found an ornate altar of the Wu Jian Council.
   142 | D        | Noticed a human
   142 | D        | Noticed a human
   145 | D        | Killed a human
   145 | D        | Reached skill level 5 in Fighting
   145 | D        | Reached skill level 10 in Stealth
   145 | D        | Reached XP level 6. HP: 35/35 MP: 11/11
   181 | D        | Killed a hellion
   189 | D        | Killed a human
   189 | D        | Reached skill level 11 in Stealth
   212 | D        | Found a glowing silver altar of Zin.
   212 | D        | Found a glowing golden altar of the Shining One.
   212 | D        | Found a white marble altar of Elyvilon.
   213 | D        | Noticed a deep elf mage
   215 | D        | Killed a deep elf mage
   215 | D        | Reached skill level 13 in Stealth
   215 | D        | Reached XP level 7. HP: 29/39 MP: 3/18
   233 | D        | Killed a hellion
   235 | D        | Killed a hellion
   257 | D        | Killed a hellion
   281 | D        | Killed a white draconian scorcher
   290 | D        | Killed a white draconian scorcher
   311 | D        | Found a basalt altar of Yredelemnul.
   311 | D        | Found a shadowy altar of Dithmenos.
   311 | D        | Found a sacrificial altar of Ru.
   314 | D        | Reached skill level 14 in Stealth
   316 | D        | Killed a hellion
   318 | D        | Became a worshipper of Dithmenos the Shadowed
   329 | D        | Found a radiant altar of Vehumet.
   329 | D        | Found a deep blue altar of Sif Muna.
   329 | D        | Found an ancient bone altar of Kikubaaqudgha.
   340 | D        | Noticed a neqoxec
   435 | D        | Learned a level 3 spell: Tukima's Dance
   439 | D        | Learned a level 3 spell: Mephitic Cloud
   488 | D        | Noticed a shadow
   490 | D        | Killed a shadow
   490 | D        | Reached * piety under Dithmenos
   490 | D        | Reached XP level 8. HP: 44/44 MP: 19/21
   501 | D        | Noticed Snorg
   503 | D        | Killed Snorg
   503 | D        | Reached skill level 16 in Stealth
   503 | D        | Reached skill level 10 in Spellcasting
   503 | D        | Reached skill level 10 in Hexes
   534 | D        | Killed a five-headed hydra
   905 | D        | Reached ** piety under Dithmenos
   905 | D        | Reached XP level 9. HP: 43/48 MP: 6/24
  1007 | D        | Noticed a centaur warrior
  1011 | D        | Killed a centaur warrior
  1011 | D        | Reached skill level 17 in Stealth
  1021 | D        | Noticed an unseen horror
  1023 | D        | Killed an unseen horror
  1023 | D        | Reached *** piety under Dithmenos
  1023 | D        | Reached skill level 18 in Stealth
  1024 | D        | Noticed an unseen horror
  1029 | D        | Killed an unseen horror
  1037 | D        | Noticed Dowan
  1037 | D        | Noticed Duvessa
  1041 | D        | Killed Duvessa
  1041 | D        | Reached XP level 10. HP: 53/53 MP: 26/28
  1055 | D        | Killed Dowan
  1055 | D        | Reached skill level 19 in Stealth
  1101 | D        | Found Zidaas's Food Shoppe.
  1101 | D        | Found a roughly hewn altar of Beogh.
  1101 | D        | Noticed an orc high priest
  1101 | D        | Noticed an orc knight
  1103 | D        | Reached **** piety under Dithmenos
  1112 | D        | Reached skill level 20 in Stealth
  1114 | D        | Reached ***** piety under Dithmenos
  1116 | D        | Killed an orc high priest
  1127 | D        | Reached ****** piety under Dithmenos
  1149 | D        | HP: 2/53 [orc wizard/dagger (2)]
  1153 | D        | Killed an orc knight
  1153 | D        | Reached skill level 15 in Hexes
  1381 | D        | Noticed a deep elf mage
  1381 | D        | Noticed a deep elf mage
  1381 | D        | Noticed a deep elf mage
  1381 | D        | Noticed a deep elf mage
  1381 | D        | Noticed a deep elf mage
  1391 | D        | Killed a deep elf mage
  1391 | D        | Reached skill level 15 in Spellcasting
  1416 | D        | Killed a deep elf mage
  1416 | D        | Reached skill level 21 in Stealth
  1416 | D        | Reached XP level 11. HP: 23/56 MP: 16/31
  1419 | D        | Killed a deep elf mage
  1422 | D        | Killed a deep elf mage
  1429 | D        | Killed a deep elf mage
  1555 | D        | Noticed a deep elf high priest
  1607 | D        | Noticed a deep elf annihilator
  1607 | D        | Noticed a deep elf annihilator
  1772 | D        | Reached skill level 22 in Stealth
  2329 | D        | Noticed a lindwurm
  2332 | D        | Killed a lindwurm
  2332 | D        | Reached skill level 23 in Stealth
  2340 | D        | Noticed Urug
  2342 | D        | Killed Urug
  2346 | D        | Noticed a five-headed hydra
  2346 | D        | Noticed a four-headed hydra
  2348 | D        | Killed a five-headed hydra
  2349 | D        | Killed a four-headed hydra
  2349 | D        | Reached skill level 24 in Stealth
  2356 | D        | Noticed a death drake
  2358 | D        | Found a blossoming altar of Fedhas.
  2358 | D        | Noticed a spriggan druid
  2369 | D        | Slain by a spriggan druid

Skill      XL: |  1  2  3  4  5  6  7  8  9 10 11 |
---------------+----------------------------------+-----
Fighting       | 1 2 3 5 |  5.8
Short Blades   | 3 4 6 7 9 11 12 | 12.8
Stealth        | 5 6 7 8 10 13 14 16 18 21 24 | 24.1
Spellcasting   | 6 8 10 13 15 17 | 17.1
Hexes          | 7 8 10 13 15 17 | 17.1
Dodging        | |  3.0

Action                   |  1- 3 |  4- 6 |  7- 9 | 10-12 || total
-------------------------+-------+-------+-------+-------++-------
Melee: Dagger            |     5 |    11 |    14 |   127 ||   157
 Cast: Ensorcelled Hiber |     1 |     2 |     6 |    38 ||    47
       Confuse           |       |     3 |     1 |    27 ||    31
       Dazzling Spray    |       |       |    23 |     4 ||    27
       Mephitic Cloud    |       |       |       |     8 ||     8
Invok: Shadow Step       |       |       |       |     2 ||     2
  Use: Potion            |       |       |       |     4 ||     4
       Scroll            |       |       |       |     1 ||     1
 Stab: Sleeping          |     5 |     4 |    13 |    38 ||    60
       Confused          |       |     1 |       |    16 ||    17
       Distracted        |       |       |       |     1 ||     1
Armor: Robe              |       |       |     2 |     4 ||     6
Dodge: Dodged            |       |     4 |     8 |   105 ||   117
